| TOP OF THE 1ST |
|
Kennewick Bear Cubs batting - Pitching for Bellingham Mariners : LHP Mark Weinbrecht
|
|
Pitching: LHP Mark Weinbrecht
|
|
|
Batting: RHB Matthew Sferrazza
|
0-0: Ball 1-0: Ball 2-0: Swinging Strike 2-1: Swinging Strike 2-2: Ball 3-2: Base on Balls
|
|
Batting: SHB Eriberto Them
|
0-0: Called Strike 0-1: Called Strike 0-2: Ball 1-2: Ball 2-2: Ball 3-2: SINGLE (Line Drive, 7LS, EV 99.4 MPH) Matthew Sferrazza to second
|
|
Batting: RHB Jonathan Black
|
0-0: Grounds into double play, 6-4-3 (Groundball, 6, EV 99.4 MPH) Matthew Sferrazza to third
|
|
Batting: LHB Jose Birriel
|
0-0: Ball 1-0: Called Strike 1-1: Ball 2-1: Ball 3-1: Foul Ball, location: 2F 3-2: Base on Balls
|
|
Batting: RHB Roger Jensen
|
0-0: Hit by Pitch Jose Birriel to second
|
|
Batting: LHB Steven Morris
|
0-0: Ball 1-0: Ball 2-0: Called Strike 2-1: Called Strike 2-2: Ball 3-2: Foul Ball, location: 2F 3-2: SINGLE (Groundball, 25, EV 71.3 MPH) (infield hit) Matthew Sferrazza scores Jose Birriel to third Roger Jensen to second
|
|
Batting: LHB Tony Diaz
|
0-0: Fly out, F7 (Flyball, 7, EV 90.0 MPH)
|
| Top of the 1st over - 1 run, 2 hits, 0 errors, 3 left on base; Kennewick 1 - Bellingham 0 |
| BOTTOM OF THE 1ST |
|
Bellingham Mariners batting - Pitching for Kennewick Bear Cubs : LHP Faustino Fortinho
|
|
Pitching: LHP Faustino Fortinho
|
|
|
Batting: LHB Dan O'Regan
|
0-0: Ball 1-0: Foul Ball, location: 2F 1-1: Foul Ball, location: 2F 1-2: Foul Ball, location: 2F 1-2: Ground out 4-3 (Groundball, 4M, EV 84.4 MPH)
|
|
Batting: RHB Norm Carrasco
|
0-0: Ball 1-0: Foul Ball, location: 2F 1-1: Ball 2-1: DOUBLE (Line Drive, 7LM, EV 101.9 MPH)
|
|
Batting: RHB Juan Delgado
|
0-0: Swinging Strike 0-1: Foul Ball, location: 2F 0-2: Foul Ball, location: 2F 0-2: Ground out 5-3 (Groundball, 56, EV 88.8 MPH)
|
|
Batting: RHB Hector Rivera
|
0-0: Called Strike 0-1: Ball 1-1: Ball 2-1: Ball 3-1: Foul Ball, location: 2F 3-2: Base on Balls
|
|
Batting: RHB Elza Nevoeiro
|
0-0: Called Strike 0-1: Swinging Strike 0-2: Ball 1-2: Foul Ball, location: 2F 1-2: Ball 2-2: Ground out 4-3 (Groundball, 34, EV 94.4 MPH)
|
| Bottom of the 1st over - 0 runs, 1 hit, 0 errors, 2 left on base; Kennewick 1 - Bellingham 0 |
| TOP OF THE 2ND |
|
Kennewick Bear Cubs batting - Pitching for Bellingham Mariners : LHP Mark Weinbrecht
|
|
Batting: LHB Wally Yo
|
0-0: Ball 1-0: Ball 2-0: Ball 3-0: Called Strike 3-1: Foul Ball, location: 2F 3-2: Foul Ball, location: 2F 3-2: Fly out, F8 (Flyball, 8RS, EV 86.9 MPH)
|
|
Batting: RHB Gary Tremblay
|
0-0: Ball 1-0: Called Strike 1-1: Ball 2-1: Fly out, F8 (Flyball, 8LS, EV 90.6 MPH)
|
|
Batting: RHB Matthew Sferrazza
|
0-0: Called Strike 0-1: Called Strike 0-2: Ground out 6-3 (Groundball, 6, EV 106.9 MPH)
|
| Top of the 2nd over - 0 runs, 0 hits, 0 errors, 0 left on base; Kennewick 1 - Bellingham 0 |
| BOTTOM OF THE 2ND |
|
Bellingham Mariners batting - Pitching for Kennewick Bear Cubs : LHP Faustino Fortinho
|
|
Batting: RHB Werner Lajszky
|
0-0: Swinging Strike 0-1: Ground out 3-1 (Groundball, 34, EV 107.5 MPH)
|
|
Batting: RHB Barry Cheesman
|
0-0: Ball 1-0: Foul Ball, location: 2F 1-1: Ball 2-1: Ball 3-1: Called Strike 3-2: SINGLE (Line Drive, 7S, EV 103.8 MPH)
|
|
Batting: LHB Thomas Graziano
|
0-0: Ball 1-0: Swinging Strike Barry Cheesman steals 2nd base 1-1: Ball 2-1: Ball 3-1: Base on Balls
|
|
Batting: RHB Jeff Datz
|
0-0: Called Strike Barry Cheesman steals 3rd base Thomas Graziano to second 0-1: Ball 1-1: SINGLE (Line Drive, 7LS, EV 102.5 MPH) Barry Cheesman scores Thomas Graziano to third
|
|
Batting: LHB Dan O'Regan
|
0-0: Ball 1-0: Ball 2-0: Called Strike 2-1: Reached on error, E5 (Groundball, 56S, EV 87.5 MPH) Thomas Graziano scores Jeff Datz to second
|
|
Batting: RHB Norm Carrasco
|
0-0: Fielders Choice at 2nd, 4-6 (Groundball, 4, EV 115.0 MPH) Jeff Datz to third
|
|
Batting: RHB Juan Delgado
|
0-0: Ball 1-0: Swinging Strike 1-1: Ball 2-1: Ball 3-1: Foul Ball, location: 2F 3-2: Fly out, F9 (Flyball, 9S, EV 89.4 MPH)
|
| Bottom of the 2nd over - 2 runs, 2 hits, 1 error, 2 left on base; Kennewick 1 - Bellingham 2 |
| TOP OF THE 3RD |
|
Kennewick Bear Cubs batting - Pitching for Bellingham Mariners : LHP Mark Weinbrecht
|
|
Batting: SHB Eriberto Them
|
0-0: Called Strike 0-1: Ball 1-1: Ball 2-1: Hit by Pitch
|
|
Batting: RHB Jonathan Black
|
0-0: DOUBLE (Line Drive, 5D, EV 97.5 MPH) Eriberto Them to third
|
|
Batting: LHB Jose Birriel
|
0-0: Ball 1-0: Ball 2-0: Called Strike 2-1: Ball 3-1: Foul Ball, location: 2F 3-2: Base on Balls
|
|
Batting: RHB Roger Jensen
|
0-0: Ball 1-0: Called Strike 1-1: Ball Wild Pitch! Eriberto Them scores Jonathan Black to third Jose Birriel to second 2-1: Ball 3-1: Base on Balls
|
|
Batting: LHB Steven Morris
|
0-0: Called Strike 0-1: Swinging Strike 0-2: Ball 1-2: Ball 2-2: Strikes out looking
|
|
Batting: LHB Tony Diaz
|
0-0: Ball 1-0: Foul Ball, location: 2F 1-1: Fielders Choice at 2nd, 6-4 (Groundball, 6M, EV 83.1 MPH) Jonathan Black scores Jose Birriel to third
|
|
Batting: LHB Wally Yo
|
0-0: Ball 1-0: Ball 2-0: Ball 3-0: Called Strike 3-1: Fly out, F7 (Flyball, 78D, EV 80.6 MPH)
|
| Top of the 3rd over - 2 runs, 1 hit, 0 errors, 2 left on base; Kennewick 3 - Bellingham 2 |
| BOTTOM OF THE 3RD |
|
Bellingham Mariners batting - Pitching for Kennewick Bear Cubs : LHP Faustino Fortinho
|
|
Batting: RHB Hector Rivera
|
0-0: Called Strike 0-1: Ball 1-1: Foul Ball, location: 2F 1-2: Ball 2-2: Strikes out swinging
|
|
Batting: RHB Elza Nevoeiro
|
0-0: Ball 1-0: Ball 2-0: Called Strike 2-1: Ball 3-1: Foul Ball, location: 2F 3-2: Strikes out swinging
|
|
Batting: RHB Werner Lajszky
|
0-0: Ball 1-0: Ball 2-0: Ball 3-0: Base on Balls
|
|
Batting: RHB Barry Cheesman
|
0-0: Swinging Strike 0-1: Ground out 4-3 (Groundball, 34, EV 106.9 MPH)
|
| Bottom of the 3rd over - 0 runs, 0 hits, 0 errors, 1 left on base; Kennewick 3 - Bellingham 2 |
| TOP OF THE 4TH |
|
Kennewick Bear Cubs batting - Pitching for Bellingham Mariners : LHP Mark Weinbrecht
|
|
Batting: RHB Gary Tremblay
|
0-0: Ball 1-0: Ball 2-0: Ground out 4-3 (Groundball, 4M, EV 78.1 MPH)
|
|
Batting: RHB Matthew Sferrazza
|
0-0: Ball 1-0: Foul Ball, location: 2F 1-1: Ball 2-1: SINGLE (Flyball, 6D, EV 85.6 MPH)
|
|
Batting: SHB Eriberto Them
|
0-0: Foul Ball, location: 2F 0-1: Ball 1-1: Ball 2-1: Fly out, F8 (Line Drive, 8RM, EV 86.3 MPH)
|
|
Pitching: RHP Charles Dexter
|
|
|
Batting: RHB Jonathan Black
|
0-0: Ball 1-0: DOUBLE (Line Drive, 89D, EV 107.5 MPH) Matthew Sferrazza to third Runner from 3rd tries for Home, SAFE, no throw by CF
|
|
Batting: LHB Jose Birriel
|
0-0: Foul Ball, location: 2F 0-1: Ball 1-1: Foul Ball, location: 2F 1-2: Foul Ball, location: 2F 1-2: Ball 2-2: Ball 3-2: Ground out 5-3 (Groundball, 56S, EV 80.0 MPH)
|
| Top of the 4th over - 1 run, 2 hits, 0 errors, 1 left on base; Kennewick 4 - Bellingham 2 |
| BOTTOM OF THE 4TH |
|
Bellingham Mariners batting - Pitching for Kennewick Bear Cubs : LHP Faustino Fortinho
|
|
Batting: LHB Thomas Graziano
|
0-0: Foul Ball, location: 2F 0-1: Foul Ball, location: 2F 0-2: Foul Ball, location: 2F 0-2: Ball 1-2: SINGLE (Groundball, 34D, EV 99.4 MPH)
|
|
Batting: RHB Jeff Datz
|
0-0: Ball 1-0: Fly out, F6 (Line Drive, 6, EV 69.4 MPH)
|
|
Batting: LHB Dan O'Regan
|
0-0: Swinging Strike 0-1: Called Strike 0-2: Ball 1-2: Strikes out swinging
|
|
Batting: RHB Norm Carrasco
|
0-0: Called Strike 0-1: Called Strike 0-2: Ground out 4-3 (Groundball, 4, EV 85.6 MPH)
|
| Bottom of the 4th over - 0 runs, 1 hit, 0 errors, 1 left on base; Kennewick 4 - Bellingham 2 |
| TOP OF THE 5TH |
|
Kennewick Bear Cubs batting - Pitching for Bellingham Mariners : RHP Charles Dexter
|
|
Batting: RHB Roger Jensen
|
0-0: Ball 1-0: Swinging Strike 1-1: Ball 2-1: Ball 3-1: Swinging Strike 3-2: Base on Balls
|
|
Batting: LHB Steven Morris
|
0-0: Ball 1-0: Ball 2-0: Ball 3-0: Called Strike 3-1: Base on Balls Roger Jensen to second
|
|
Batting: LHB Tony Diaz
|
0-0: Ball 1-0: Fielders Choice at 2nd, 6-4 (Groundball, 56, EV 100.6 MPH) Roger Jensen to third
|
|
Batting: LHB Wally Yo
|
0-0: Ball 1-0: Fielders Choice at 2nd, 6-4 (Groundball, 6, EV 83.8 MPH) Roger Jensen scores
|
|
Batting: RHB Gary Tremblay
|
0-0: Ball 1-0: Ball 2-0: Ball Wally Yo is caught stealing 2nd base 2-4
|
| Top of the 5th over - 1 run, 0 hits, 0 errors, 0 left on base; Kennewick 5 - Bellingham 2 |
| BOTTOM OF THE 5TH |
|
Bellingham Mariners batting - Pitching for Kennewick Bear Cubs : LHP Faustino Fortinho
|
|
Batting: RHB Juan Delgado
|
0-0: Ground out 4-3 (Groundball, 4M, EV 84.4 MPH)
|
|
Batting: RHB Hector Rivera
|
0-0: SINGLE (Flyball, 89S, EV 95.6 MPH)
|
|
Batting: RHB Elza Nevoeiro
|
0-0: Ball 1-0: Ball 2-0: Called Strike 2-1: Grounds into double play, 4-6-3 (Groundball, 4, EV 101.9 MPH)
|
| Bottom of the 5th over - 0 runs, 1 hit, 0 errors, 0 left on base; Kennewick 5 - Bellingham 2 |
| TOP OF THE 6TH |
|
Kennewick Bear Cubs batting - Pitching for Bellingham Mariners : RHP Charles Dexter
|
|
Batting: RHB Gary Tremblay
|
0-0: Ball 1-0: Foul Ball, location: 2F 1-1: Ball 2-1: Ball 3-1: Base on Balls
|
|
Pitching: RHP Jay Samuel
|
|
|
Batting: RHB Matthew Sferrazza
|
0-0: Called Strike 0-1: Ball 1-1: Ball 2-1: Bunted foul 2-2: Foul Ball, location: 2F 2-2: Ball 3-2: Fly out, F9 (Flyball, 9, EV 86.9 MPH)
|
|
Batting: SHB Eriberto Them
|
0-0: Called Strike 0-1: Foul Ball, location: 2F 0-2: Ball 1-2: Ball 2-2: SINGLE (Groundball, 4M, EV 103.1 MPH) (infield hit) Gary Tremblay to second
|
|
Batting: RHB Jonathan Black
|
0-0: Foul Ball, location: 2F 0-1: Ball 1-1: Swinging Strike 1-2: SINGLE (Line Drive, 8RS, EV 105.0 MPH) Gary Tremblay to third Eriberto Them to second
|
|
Pitching: LHP Bernard Gallo
|
|
|
Batting: LHB Jose Birriel
|
0-0: Called Strike 0-1: Swinging Strike 0-2: Ball 1-2: Ball 2-2: Foul Ball, location: 2F 2-2: Strikes out swinging
|
|
Batting: RHB Roger Jensen
|
0-0: Fielders Choice at 2nd, 6-4 (Groundball, 56, EV 105.0 MPH)
|
| Top of the 6th over - 0 runs, 2 hits, 0 errors, 3 left on base; Kennewick 5 - Bellingham 2 |
| BOTTOM OF THE 6TH |
|
Bellingham Mariners batting - Pitching for Kennewick Bear Cubs : LHP Faustino Fortinho
|
|
Batting: RHB Werner Lajszky
|
0-0: Ground out 6-3 (Groundball, 6S, EV 83.8 MPH)
|
|
Batting: RHB Barry Cheesman
|
0-0: Foul Ball, location: 2F 0-1: Ball 1-1: Foul Ball, location: 2F 1-2: Foul Ball, location: 2F 1-2: Ball 2-2: Strikes out swinging
|
|
Batting: LHB Thomas Graziano
|
0-0: Ball 1-0: Ground out 1-3 (Groundball, P, EV 61.3 MPH)
|
| Bottom of the 6th over - 0 runs, 0 hits, 0 errors, 0 left on base; Kennewick 5 - Bellingham 2 |
| TOP OF THE 7TH |
|
Kennewick Bear Cubs batting - Pitching for Bellingham Mariners : LHP Bernard Gallo
|
|
Batting: LHB Steven Morris
|
0-0: Ball 1-0: Called Strike 1-1: SINGLE (Groundball, 5S, EV 63.8 MPH) (infield hit)
|
|
Batting: LHB Tony Diaz
|
0-0: Called Strike 0-1: Called Strike 0-2: Strikes out looking
|
|
Batting: LHB Wally Yo
|
0-0: Called Strike 0-1: Ball 1-1: Swinging Strike 1-2: Strikes out swinging
|
|
Batting: RHB Gary Tremblay
|
0-0: Called Strike 0-1: Foul Ball, location: 2F 0-2: Ball 1-2: Foul Ball, location: 2F 1-2: DOUBLE (Line Drive, 8LD, EV 91.3 MPH) Steven Morris to third
|
|
Pinch Runner at 2nd Ruben Machado:
|
|
|
Batting: RHB Matthew Sferrazza
|
0-0: SINGLE (Groundball, 6S, EV 73.8 MPH) (infield hit) Steven Morris scores Ruben Machado to third
|
|
Batting: SHB Eriberto Them
|
0-0: DOUBLE (Line Drive, 89XD, EV 100.0 MPH) Ruben Machado scores Matthew Sferrazza to third
|
|
Batting: RHB Jonathan Black
|
0-0: Ball 1-0: Called Strike 1-1: Foul Ball, location: 2F 1-2: Strikes out swinging
|
| Top of the 7th over - 2 runs, 4 hits, 0 errors, 2 left on base; Kennewick 7 - Bellingham 2 |
| BOTTOM OF THE 7TH |
|
Bellingham Mariners batting - Pitching for Kennewick Bear Cubs : LHP Faustino Fortinho
|
|
Now at C: John Mizerock
|
|
|
Batting: RHB Jeff Datz
|
0-0: Called Strike 0-1: Ball 1-1: Ball 2-1: Ball 3-1: Base on Balls
|
|
Pitching: RHP Jordan Alvarado
|
|
|
Batting: LHB Dan O'Regan
|
0-0: Ball 1-0: Ball 2-0: Called Strike 2-1: Foul Ball, location: 2F 2-2: Ball 3-2: Base on Balls Jeff Datz to second
|
|
Batting: RHB Norm Carrasco
|
0-0: Ball 1-0: Foul Ball, location: 2F 1-1: Foul Ball, location: 2F 1-2: Ball 2-2: Strikes out swinging
|
|
Batting: RHB Juan Delgado
|
0-0: Ball 1-0: Ball 2-0: Called Strike 2-1: Ball 3-1: Base on Balls Jeff Datz to third Dan O'Regan to second
|
|
Batting: RHB Hector Rivera
|
0-0: Called Strike 0-1: Called Strike 0-2: Ball 1-2: Foul Ball, location: 2F 1-2: Fly out, F7 (Flyball, 78D, EV 103.8 MPH) Runner from 3rd tags up, SCORES, throw by LF Dan O'Regan to third
|
|
Batting: RHB Elza Nevoeiro
|
0-0: Called Strike 0-1: Ball 1-1: Ball 2-1: Foul Ball, location: 2F 2-2: Strikes out swinging
|
| Bottom of the 7th over - 1 run, 0 hits, 0 errors, 2 left on base; Kennewick 7 - Bellingham 3 |
| TOP OF THE 8TH |
|
Kennewick Bear Cubs batting - Pitching for Bellingham Mariners : LHP Bernard Gallo
|
|
Batting: LHB Jose Birriel
|
0-0: Ball 1-0: Called Strike 1-1: Fly out, F9 (Flyball, 9LS, EV 91.3 MPH)
|
|
Batting: RHB Roger Jensen
|
0-0: Ball 1-0: Called Strike 1-1: Foul Ball, location: 2F 1-2: Strikes out swinging
|
|
Batting: LHB Steven Morris
|
0-0: Ball 1-0: Fly out, F7 (Flyball, 7S, EV 74.4 MPH)
|
| Top of the 8th over - 0 runs, 0 hits, 0 errors, 0 left on base; Kennewick 7 - Bellingham 3 |
| BOTTOM OF THE 8TH |
|
Bellingham Mariners batting - Pitching for Kennewick Bear Cubs : RHP Jordan Alvarado
|
|
Batting: RHB Werner Lajszky
|
0-0: Ball 1-0: Ball 2-0: Ball 3-0: Called Strike 3-1: Swinging Strike 3-2: Foul Ball, location: 2F 3-2: Ground out 5-3 (Groundball, 5S, EV 67.5 MPH)
|
|
Batting: RHB Barry Cheesman
|
0-0: Ball 1-0: Called Strike 1-1: Ball 2-1: Ground out 6-3 (Groundball, 6, EV 101.3 MPH)
|
|
Batting: LHB Thomas Graziano
|
0-0: Ball 1-0: Ball 2-0: Foul Ball, location: 2F 2-1: Foul Ball, location: 2F 2-2: Fly out, F9 (Flyball, 9S, EV 90.6 MPH)
|
| Bottom of the 8th over - 0 runs, 0 hits, 0 errors, 0 left on base; Kennewick 7 - Bellingham 3 |
| TOP OF THE 9TH |
|
Kennewick Bear Cubs batting - Pitching for Bellingham Mariners : LHP Bernard Gallo
|
|
Batting: LHB Tony Diaz
|
0-0: Swinging Strike 0-1: Ball 1-1: Ball 2-1: Foul Ball, location: 2F 2-2: Ground out 1-3 (Groundball, 15S, EV 63.1 MPH)
|
|
Batting: LHB Wally Yo
|
0-0: Ball 1-0: Ball 2-0: SINGLE (Line Drive, 56D, EV 96.3 MPH)
|
|
Batting: LHB John Mizerock
|
0-0: Foul Ball, location: 2F 0-1: Swinging Strike 0-2: Grounds into double play, 6-4-3 (Groundball, 6, EV 85.0 MPH)
|
| Top of the 9th over - 0 runs, 1 hit, 0 errors, 0 left on base; Kennewick 7 - Bellingham 3 |
| BOTTOM OF THE 9TH |
|
Bellingham Mariners batting - Pitching for Kennewick Bear Cubs : RHP Jordan Alvarado
|
|
Batting: RHB Jeff Datz
|
0-0: Foul Ball, location: 2F 0-1: Foul Ball, location: 2F 0-2: Foul Ball, location: 2F 0-2: Ball 1-2: Foul Ball, location: 2F 1-2: Strikes out looking
|
|
Batting: LHB Dan O'Regan
|
0-0: Ball 1-0: Ball 2-0: Ball 3-0: Base on Balls
|
|
Batting: RHB Norm Carrasco
|
0-0: Ball 1-0: Ball 2-0: Ball 3-0: Called Strike 3-1: Fly out, F8 (Line Drive, 8RM, EV 96.9 MPH)
|
|
Batting: RHB Juan Delgado
|
0-0: Ball 1-0: Ground out 4-3 (Groundball, 4, EV 82.5 MPH)
|
| Bottom of the 9th over - 0 runs, 0 hits, 0 errors, 1 left on base; Kennewick 7 - Bellingham 3 |
|